 Dungeon Crawl Stone Soup version 0.21.1-1-g345015fe64 (webtiles) character file.

1008 Kohma the Covert (level 8, -1/42 HPs)
             Began as a Vine Stalker Assassin on July 8, 2018.
             Was a Believer of Uskayaw.
             Slain by a hornet zombie (6 damage)
             ... on level 6 of the Dungeon.
             The game lasted 00:17:24 (5636 turns).

Kohma the Covert (Vine Stalker Assassin)            Turns: 5636, Time: 00:17:25

Health: -1/42      AC:  7    Str: 16    XL:     8   Next: 20%
Magic:  0/11       EV: 10    Int: 11    God:    Uskayaw [**....]
Gold:   317        SH:  0    Dex: 16    Spells: 7/7 levels left

rFire    . . .     SeeInvis .   l - +0 dagger (vamp)
rCold    . . .     Gourm    .   (no shield)
rNeg     . . .     Faith    .   u - +0 ring mail
rPois    +         Spirit   +   (no helmet)
rElec    .         Reflect  .   d - +0 cloak
rCorr    .         Harm     .   (no gloves)
MR       +....                  j - +0 pair of boots
Stlth    +++.......             (no amulet)
HPRegen  0.54/turn              t - ring of poison resistance
MPRegen  0.12/turn              (no ring)

@: no status effects
A: fangs 3, regeneration 1, magic shield, antimagic bite, no potion heal 3, rot
immunity
a: Stomp, Line Pass, Renounce Religion


You were on level 6 of the Dungeon.
You worshipped Uskayaw.
Uskayaw was noncommittal.
You were not hungry.

You visited 2 branches of the dungeon, and saw 7 of its levels.

You collected 317 gold pieces.

Inventory:

Hand Weapons
 a - a +2 dagger
 b - a +0 blowgun
 l - a +0 vampiric dagger (weapon)
Missiles
 e - 28 poisoned needles
 f - 2 curare-tipped needles {!f}
 v - 3 tomahawks (quivered)
Armour
 d - a +0 cloak (worn)
 j - a +0 pair of boots (worn)
 u - a +0 ring mail (worn)
Jewellery
 t - a ring of poison resistance (left hand)
Wands
 h - a wand of digging (8)
 k - a wand of flame (35)
 p - a wand of paralysis (13)
Scrolls
 i - 2 scrolls of remove curse
 r - a scroll of enchant weapon {unknown}
Potions
 m - 2 potions of brilliance
 n - a potion of invisibility {unknown}
 o - a potion of mutation {unknown}
 s - a potion of lignification {unknown}
 w - 2 potions of curing
Comestibles
 g - 4 rations
 q - 2 chunks of flesh


   Skills:
 + Level 3.8 Fighting
 * Level 5.1 Short Blades
 - Level 2.5 Throwing
 - Level 0.7 Dodging
 * Level 8.5 Stealth
 * Level 2.7 Invocations


You had 7 spell levels left.
You didn't know any spells.

Dungeon Overview and Level Annotations

Branches:
Dungeon (6/15)             Temple (1/1) D:5

Altars:
Ashenzari
Cheibriados
Dithmenos
Elyvilon
Fedhas
Gozag
Hepliaklqana
Makhleb
Qazlal
Ru
Sif Muna
Uskayaw
Xom
Yredelemnul
Zin
The Shining One

Shops:
D:6 *


Innate Abilities, Weirdness & Mutations

You have razor-sharp teeth.
Your natural rate of healing is unusually fast.
When hurt, damage is shared between your health and your magic reserves.
Your bite disrupts and absorbs the magic of your enemies.
Potions cannot restore your health.
You are immune to rotting.


Message History

The hornet zombie is heavily damaged.
The hornet zombie barely misses you.
You hit the hornet zombie but do no damage.
The hornet zombie is heavily damaged.
The hornet zombie barely misses you.
You hit the hornet zombie but do no damage.
You bite the hornet zombie. You drain its power.
You feel invigorated.
The hornet zombie is heavily damaged.
The hornet zombie hits you.
You hit the hornet zombie.
You bite the hornet zombie, but do no damage.
The hornet zombie is heavily damaged.
The hornet zombie hits you!
* * * LOW HITPOINT WARNING * * *
You hit the hornet zombie but do no damage.
The hornet zombie is heavily damaged.
The hornet zombie hits you!
* * * LOW HITPOINT WARNING * * *
The hornet zombie hits you!
You die...

#
#.####.##.##.##..#.[
#......##.#..##..##.
######....#.........
#.########..##.
#.#.........##.
#.#.#..........
#.#.#.#####...[
#########+#...#.#
##...
#.......@..####.#
#...
#...(...Z..'....#
##..
#..........######
#.. #..........# #..
#..........# #..
.......)....# #.#
.#.########## #.# #.
#.# . #..


You could see a hornet zombie.

Vanquished Creatures
  Sigmund (D:5)
  Edmund (D:5)
  A centaur (D:5)
  2 ogres (D:5)
  3 hounds
  A bullfrog skeleton (D:6)
  An orc wizard (D:4)
  A centaur skeleton (D:5)
  An iguana (D:4)
  A worker ant (D:5)
  2 hound skeletons
  2 gnolls
  9 adders
  An ooze (D:2)
  3 adder skeletons
  3 worms
  A dart slug (D:2)
  3 leopard geckos
  15 orcs
  4 giant cockroaches
  11 goblins
  11 hobgoblins
  6 jackals
  2 quokkas (D:3)
  A ball python (D:2)
  A ball python zombie (D:5)
  11 bats
  5 frilled lizards
  12 kobolds
  5 rats
121 creatures vanquished.

Notes
Turn   | Place    | Note
-------+----------+-------------------------------------------
     0 | D:1      | Kohma the Vine Stalker Assassin began the quest for the Orb.
     0 | D:1      | Reached XP level 1. HP: 11/11 MP: 2/2
   119 | D:1      | Reached skill level 5 in Stealth
   149 | D:1      | Reached XP level 2. HP: 10/15 MP: 3/3
   574 | D:1      | Reached XP level 3. HP: 18/18 MP: 2/4
  1110 | D:2      | Found a basalt altar of Yredelemnul.
  1133 | D:2      | Gained mutation: Your natural rate of healing is unusually fast. [Vine Stalker growth]
  1133 | D:2      | Reached XP level 4. HP: 23/23 MP: 5/5
  1554 | D:3      | Reached XP level 5. HP: 27/27 MP: 6/6
  1600 | D:3      | Reached skill level 6 in Stealth
  2072 | D:3      | Found a sacrificial altar of Ru.
  2505 | D:4      | Reached XP level 6. HP: 32/32 MP: 7/7
  2635 | D:4      | Found a burning altar of Makhleb.
  2638 | D:4      | Found a glowing silver altar of Zin.
  2639 | D:4      | Noticed a blizzard demon
  2639 | D:4      | Noticed an angel
  3032 | D:4      | Found a basalt altar of Yredelemnul.
  3034 | D:4      | Noticed a profane servitor
  3041 | D:4      | Found a glowing golden altar of the Shining One.
  3043 | D:4      | Noticed an angel
  3510 | D:5      | Entered Level 5 of the Dungeon
  3534 | D:5      | Noticed Sigmund
  3540 | D:5      | Killed Sigmund
  3540 | D:5      | Reached skill level 7 in Stealth
  3540 | D:5      | Reached XP level 7. HP: 36/36 MP: 8/8
  3747 | D:5      | Found a staircase to the Ecumenical Temple.
  3754 | Temple   | Entered the Ecumenical Temple
  3883 | Temple   | Became a worshipper of Uskayaw the Reveler
  3987 | D:5      | Reached * piety under Uskayaw
  4011 | D:5      | Reached ** piety under Uskayaw
  4189 | D:5      | Noticed Edmund
  4201 | D:5      | Killed Edmund
  4201 | D:5      | Reached skill level 1 in Invocations
  4207 | D:5      | Reached *** piety under Uskayaw
  4511 | D:5      | Reached skill level 8 in Stealth
  4563 | D:5      | Reached skill level 5 in Short Blades
  4563 | D:5      | Gained mutation: You have razor-sharp teeth. [Vine Stalker growth]
  4563 | D:5      | Reached XP level 8. HP: 12/42 MP: 10/10
  5380 | D:6      | Found Fiqil's Elemental Accessories.
  5636 | D:6      | Slain by a hornet zombie

Skill      XL: |  1  2  3  4  5  6  7 |
---------------+----------------------+-----
Short Blades   | 2 3 4 5 |  5.1
Stealth        | 5 6 7 8 |  8.5
Throwing       | 2 |  2.5
Fighting       | 2 3 |  3.8
Invocations    | 2 |  2.7
Dodging        | |  0.7

Action                   |  1- 3 |  4- 6 |  7- 9 || total
-------------------------+-------+-------+-------++-------
Melee: Dagger            |   111 |   237 |   221 ||   569
       Bite              |    21 |    64 |    90 ||   175
 Fire: Blowgun           |    20 |       |       ||    20
  Use: Scroll            |       |    10 |     2 ||    12
 Stab: Sleeping          |     8 |    13 |     3 ||    24
       Distracted        |     2 |       |       ||     2
       Paralysed         |       |       |     1 ||     1
  Eat: Ration            |     1 |     1 |     1 ||     3
       Chunk             |     2 |     6 |     2 ||    10
Armor: Robe              |    44 |    49 |    27 ||   120
       Ring mail         |       |       |     1 ||     1
Dodge: Dodged            |    72 |   120 |   103 ||   295
